 Dungeon Crawl Stone Soup version 0.17-a0-1691-g18a3847 (webtiles) character file.

546 ololoev the Poker (level 7, 51/55 HPs)
             Began as a Pale Draconian Skald on Aug 20, 2015.
             Quit the game on level 4 of the Dungeon.
             The game lasted 00:13:37 (5967 turns).

ololoev the Poker (Pale Draconian Skald)            Turns: 5967, Time: 00:13:37

Health: 51/55      AC:  7    Str: 14    XL:     7   Next: 6%
Magic:  8/13       EV: 12    Int: 13    God:
Gold:   254        SH:  0    Dex: 12    Spells: 3 memorised, 8 levels left

rFire  . . .     SeeInvis .     a - +0 spear
rCold  . . .     Clarity  .     (armour unavailable)
rNeg   . . .     SustAt   .     (no shield)
rPois  .         Gourm    .     (helmet restricted)
rElec  .         Spirit   .     (no cloak)
rCorr  .         Warding  .     i - +0 pair of gloves
rMut   +         Stasis   .     (no boots)
MR     .....                    o - amulet of resist mutation
Stlth  +.........               (no ring)
                                v - ring of wizardry

@: infused (expiring), not resistant to hostile enchantments, very unstealthy
A: breathe steam, unfitting armour, cold-blooded, AC +6
a: Breathe Steam


Innate Abilities, Weirdness & Mutations

You can breathe blasts of scalding, opaque steam.
Your pale cyan-grey scales are hard (AC +6).
Your body does not fit into most forms of armour.
You are cold-blooded and may be slowed by cold attacks.

Inventory:

Hand weapons
 a - a +0 spear (weapon)
 b - a +0 blowgun
Missiles
 x - a throwing net (quivered)
 y - 3 curare-tipped needles
Armour
 i - a +0 pair of gloves (worn)
Jewellery
 o - an amulet of resist mutation (around neck)
 v - a ring of wizardry (left hand)
Scrolls
 d - 3 scrolls of remove curse {unknown}
 g - 4 scrolls of identify {unknown}
 h - a scroll of enchant armour {unknown}
 m - a scroll of recharging {unknown}
 s - 3 scrolls of teleportation {unknown}
 u - a scroll of random uselessness {unknown}
 w - a scroll of fog {unknown}
 C - a scroll of amnesia {unknown}
Potions
 e - a potion of might {unknown}
 f - a potion of brilliance {unknown}
 k - 2 potions of lignification {unknown}
 l - a potion of flight {unknown}
 p - 2 potions of curing {unknown}
 q - a potion of agility {unknown}
 t - a potion of mutation {unknown}
Books
 r - a book of the Sky

   Spells                             Type                      Level
   a - Summon Lightning Spire         Summoning/Air                4
   b - Airstrike                      Air                          4
   c - Silence                        Hexes/Air                    5
   d - Deflect Missiles               Charms/Air                   6
   e - Conjure Ball Lightning         Conjuration/Air              6
   f - Tornado                        Air                          9
 A - a book of Battle

   Spells                             Type                      Level
   a - Infusion                       Charms                       1
   b - Shroud of Golubria             Charms/Translocation         2
   c - Song of Slaying                Charms                       2
   d - Spectral Weapon                Hexes/Charms                 3
   e - Regeneration                   Charms/Necromancy            3
Comestibles
 c - 6 bread rations
 j - 3 beef jerkies
 n - 3 slices of pizza
 z - a chunk of flesh
 B - 4 fruits
 D - a royal jelly


   Skills:
 - Level 2.1 Fighting
 + Level 6.4 Polearms
 - Level 1.3 Dodging
 + Level 4.3 Spellcasting
 - Level 2.6 Charms


You had 8 spell levels left.
You knew the following spells:

 Your Spells              Type           Power        Failure   Level  Hunger
a - Infusion              Chrm           #.....       4%          1    None
b - Song of Slaying       Chrm           #.......     4%          2    ##.....
c - Regeneration          Chrm/Necr      #.........   16%         3    ###....


You were on level 4 of the Dungeon.
You were not hungry.

You visited 1 branch of the dungeon, and saw 4 of its levels.

You collected 254 gold pieces.

#..............###...
#..............##....
##.#...........#...##
#..#.........#..#..#
#..#................ .
##..........#######. ...
....###+#### #..#.
....#..#..#...#..# #).##
....(.##@.#.[.)((#+##..#)
.......)..######'#..##'#.
....####...#..#...))...#'
# #...#..#.###'#....
#..##)##.#.))####)
#..#..#..#...'..#.
##.'.(#..#...#..#.
#.##'##.######'##
#..#..'..'...#.)#

Notes
Turn   | Place    | Note
--------------------------------------------------------------
     0 | D:1      | ololoev the Draconian Skald began the quest for the Orb.
     0 | D:1      | Reached XP level 1. HP: 17/17 MP: 3/3
   110 | D:1      | Reached XP level 2. HP: 15/24 MP: 5/5
   276 | D:1      | Reached skill level 3 in Polearms
   607 | D:1      | Reached XP level 3. HP: 27/29 MP: 6/6
  1566 | D:1      | Reached skill level 4 in Polearms
  2267 | D:2      | Reached XP level 4. HP: 14/36 MP: 7/7
  2451 | D:2      | Learned a level 2 spell: Song of Slaying
  2455 | D:2      | Learned a level 3 spell: Regeneration
  2633 | D:2      | Found a sparkling altar of Nemelex Xobeh.
  2633 | D:2      | Found a shimmering altar of Xom.
  2634 | D:2      | Found a stormy altar of Qazlal.
  2859 | D:3      | Found a bloodstained altar of Trog.
  3127 | D:3      | Reached skill level 5 in Polearms
  3570 | D:3      | Reached XP level 5. HP: 34/41 MP: 8/8
  3825 | D:4      | Noticed Natasha
  3836 | D:4      | Killed Natasha
  3931 | D:4      | Noticed Natasha
  3938 | D:4      | Killed Natasha
  4286 | D:4      | Noticed Eustachio
  5307 | D:4      | Noticed Natasha
  5325 | D:4      | Killed Natasha
  5509 | D:2      | Killed Eustachio
  5509 | D:2      | Reached skill level 6 in Polearms
  5509 | D:2      | Reached XP level 6. HP: 37/48 MP: 9/11
  5925 | D:4      | Noticed an ogre
  5933 | D:4      | Killed an ogre
  5966 | D:4      | Your scales start taking on a pale cyan-grey colour.
  5966 | D:4      | Reached XP level 7. HP: 51/55 MP: 8/13
  5967 | D:4      | Quit the game

Dungeon Overview and Level Annotations

Branches:
Dungeon (4/15)
 Temple: D:4-7

Altars:
Nemelex Xobeh
Qazlal
Trog
Xom


Message History

The crimson imp hits you but does no damage.
You barely miss the crimson imp.
The crimson imp is lightly wounded.
The crimson imp hits you but does no damage.
You closely miss the crimson imp.
Your tail-slap misses the crimson imp.
The crimson imp is lightly wounded.
The crimson imp hits you but does no damage.
You hit the crimson imp but do no damage.
The crimson imp is lightly wounded.
You hit the crimson imp but do no damage.
The crimson imp is lightly wounded.
The crimson imp barely misses you.
Some of the chunks of flesh in your inventory have rotted away.
You miss the crimson imp.
Your tail-slap misses the crimson imp.
The crimson imp barely misses you.
You barely miss the crimson imp. The crimson imp spits at you.
The crimson imp hits you.
You completely miss the crimson imp.
Your magical infusion is running out.
You hit the crimson imp.
The crimson imp is moderately wounded.
The crimson imp barely misses you.
You hit the crimson imp.
The crimson imp is heavily wounded.
The crimson imp closely misses you.
You barely miss the crimson imp.
The crimson imp is heavily wounded.
The crimson imp barely misses you.
You closely miss the crimson imp.
You tail-slap the crimson imp, but do no damage.
The crimson imp is heavily wounded.
The crimson imp closely misses you.
You hit the crimson imp.
The crimson imp is severely wounded.
You hit the crimson imp.
You kill the crimson imp!
You have reached level 7!
Your scales start taking on a pale cyan-grey colour.
Are you sure you want to abandon this character and quit the game? (Confirm with "yes".)

There were no monsters in sight!

Vanquished Creatures
  Eustachio (D:2)
  An ogre (D:4)
  A crimson imp (D:4)
  Natasha (thrice) (D:4)
  A worker ant (D:4)
  2 gnolls (D:4)
  9 adders
  4 oozes
  8 orcs (D:4)
  6 giant cockroaches
  10 hobgoblins
  5 jackals (D:1)
  4 quokkas
  2 ball pythons (D:1)
  8 bats
  4 giant geckos
  6 giant newts
  12 goblins
  15 kobolds
  12 rats
114 creatures vanquished.

Action                   |  1- 3 |  4- 6 |  7- 9 || total
-------------------------+-------+-------+-------++-------
Melee: Spear             |   192 |   385 |       ||   577
 Fire: Blowgun           |       |     5 |       ||     5
 Cast: Infusion          |       |    10 |       ||    10
       Song of Slaying   |       |     3 |       ||     3
       Regeneration      |       |     2 |       ||     2
 Stab: Sleeping          |     4 |     1 |       ||     5
  Eat: Chunk             |     4 |     8 |       ||    12
       Meat ration       |       |     1 |       ||     1

Vault maps used:
D:1:      dpeg_arrival_ratfight, roderic_ancient_swastika, serial_bayou_pond_e
D:2:      gammafunk_temple_overflow_claw
D:3:      minmay_fountain_box, trog_three_pillars_becter
D:4:      corexii_shantytown, first_bread, minmay_door_square, uniq_natasha,
          uniq_eustachio
